[Event "FICS rated blitz game"]
[Site "FICS freechess.org"]
[FICSGamesDBGameNo "20002332"]
[White "bungler"]
[Black "yum"]
[WhiteElo "1006"]
[BlackElo "1124"]
[WhiteRD "na"]
[BlackRD "na"]
[TimeControl "120+12"]
[Date "1999.10.05"]
[Time "16:23:00"]
[WhiteClock "0:02:00.000"]
[BlackClock "0:02:00.000"]
[ECO "B07"]
[PlyCount "75"]
[Result "1-0"]

1. e4 d6 2. d4 Bd7 3. Nf3 Nc6 4. d5 Ne5 5. Nd4 e6 6. dxe6 fxe6 7. Qh5+ g6 8. Qd1 c5 9. Nb5 a6 10. Nxd6+ Bxd6 11. Qxd6 Nc6 12. Nc3 Nge7 13. Qf4 Rf8 14. Qh6 Rf7 15. Bg5 Qa5 16. Bd3 O-O-O 17. O-O Nd4 18. Nd5 exd5 19. exd5 Qb6 20. Rfe1 Nef5 21. Bxd8 Nxh6 22. Bxb6 Ng4 23. Bxc5 Nb5 24. Re7 Rf8 25. Rxh7 Ne5 26. Bxf8 Nxd3 27. Rh8 Kc7 28. cxd3 Bf5 29. Rc1+ Kb6 30. d6 Nd4 31. Re1 Bxd3 32. d7 Ne2+ 33. Kh1 Nf4 34. d8=Q+ Kb5 35. Qe8+ Kc4 36. Qc8+ Kd4 37. Bg7+ Kd5 38. Rd8# {Black checkmated} 1-0

[Event "FICS rated lightning game"]
[Site "FICS freechess.org"]
[FICSGamesDBGameNo "20002331"]
[White "Nyholm"]
[Black "acryd"]
[WhiteElo "1839"]
[BlackElo "1708"]
[WhiteRD "na"]
[BlackRD "na"]
[TimeControl "60+0"]
[Date "1999.10.05"]
[Time "16:23:00"]
[WhiteClock "0:01:00.000"]
[BlackClock "0:01:00.000"]
[ECO "D00"]
[PlyCount "90"]
[Result "0-1"]

1. e4 d5 2. d4 dxe4 3. Nc3 Bf5 4. f3 exf3 5. Qxf3 e6 6. Bc4 Nc6 7. Be3 Bb4 8. O-O-O Nge7 9. Nb5 a6 10. Nc3 Bxc3 11. bxc3 O-O 12. Ne2 Na5 13. Bb3 Nxb3+ 14. cxb3 a5 15. Ng3 a4 16. Nxf5 Nxf5 17. b4 Qd6 18. Bd2 Qe7 19. g4 Nh4 20. Qf2 Ng6 21. h4 Rfd8 22. h5 Nf8 23. g5 g6 24. hxg6 fxg6 25. Rdf1 Nd7 26. Qh4 Rf8 27. Re1 Rf5 28. Re2 Raf8 29. Reh2 Rf1+ 30. Kc2 Rxh1 31. Rxh1 Rf7 32. Bf4 Nf8 33. Be5 Rf5 34. Qh3 Nd7 35. Rf1 Nxe5 36. Rxf5 exf5 37. dxe5 Qxe5 38. Qd3 Qe4 39. Qxe4 fxe4 40. Kd2 e3+ 41. Kxe3 Kf7 42. Kf3 Ke6 43. Kf4 Kd6 44. c4 c5 45. a3 cxb4 {White forfeits on time} 0-1

[Event "FICS rated blitz game"]
[Site "FICS freechess.org"]
[FICSGamesDBGameNo "20002329"]
[White "SBGiffy"]
[Black "Wiehl"]
[WhiteElo "1824"]
[BlackElo "1914"]
[WhiteRD "na"]
[BlackRD "na"]
[TimeControl "180+0"]
[Date "1999.10.05"]
[Time "16:21:00"]
[WhiteClock "0:03:00.000"]
[BlackClock "0:03:00.000"]
[ECO "B08"]
[PlyCount "53"]
[Result "1-0"]

1. e4 d6 2. d4 Nf6 3. Nc3 g6 4. Nf3 Bg7 5. Be2 O-O 6. O-O Nc6 7. Re1 e5 8. d5 Ne7 9. b4 c6 10. dxc6 bxc6 11. Bg5 h6 12. Bxf6 Bxf6 13. Bc4 Qc7 14. Qd2 Bg7 15. a3 Kh7 16. Rad1 Rd8 17. Bxf7 a5 18. b5 cxb5 19. Nxb5 Qc5 20. c4 Bg4 21. Qe2 Rab8 22. h3 Bxf3 23. Qxf3 Rf8 24. Nxd6 Rb6 25. Ne8 Rf6 26. Nxf6+ Bxf6 27. Qxf6 {Black resigns} 1-0

[Event "FICS rated blitz game"]
[Site "FICS freechess.org"]
[FICSGamesDBGameNo "20002327"]
[White "juo"]
[Black "braingo"]
[WhiteElo "1750"]
[BlackElo "1663"]
[WhiteRD "na"]
[BlackRD "na"]
[TimeControl "300+0"]
[Date "1999.10.05"]
[Time "16:20:00"]
[WhiteClock "0:05:00.000"]
[BlackClock "0:05:00.000"]
[ECO "B27"]
[PlyCount "134"]
[Result "0-1"]

1. e4 c5 2. c3 g6 3. d4 cxd4 4. cxd4 Bg7 5. Nf3 Nf6 6. Nc3 d5 7. e5 Ne4 8. Bb5+ Nc6 9. O-O O-O 10. Re1 Bg4 11. Be3 Rc8 12. h3 Bxf3 13. Qxf3 Nxc3 14. bxc3 e6 15. Bf4 Qa5 16. Reb1 a6 17. Bd3 Qxc3 18. Rc1 Qxd4 19. Rab1 b5 20. Rd1 Nxe5 21. Bxe5 Qxe5 22. a4 bxa4 23. Bxa6 Rc3 24. Qg4 a3 25. Ra1 h5 26. Qh4 Rb3 27. Qe7 Qc3 28. Ra2 Qa5 29. Be2 Rb2 30. Rda1 Qd2 31. Qxa3 Qxe2 32. Rxb2 Bxb2 33. Qa2 Rb8 34. Rb1 Qe5 35. Qa7 Rc8 36. Qb7 Rc1+ 37. Rxc1 Bxc1 38. Qc8+ Kg7 39. Qxc1 d4 40. Qd2 Qe4 41. g3 h4 42. gxh4 e5 43. h5 Qf4 44. Qd1 Qg5+ 45. Kh2 Qxh5 46. f3 Qf5 47. Qd2 Qf4+ 48. Qxf4 exf4 49. Kg2 d3 50. Kf2 Kf6 51. Ke1 Ke5 52. Kd2 Kd4 53. h4 f6 54. Kc1 Ke3 55. h5 gxh5 56. Kd1 h4 57. Kc1 d2+ 58. Kc2 Ke2 59. Kc3 d1=Q 60. Kc4 Qd3+ 61. Kb4 Kxf3 62. Kc5 h3 63. Kb4 h2 64. Kc5 h1=Q 65. Kb4 Qc1 66. Ka4 Qdb1 67. Ka5 Qa3# {White checkmated} 0-1

[Event "FICS rated blitz game"]
[Site "FICS freechess.org"]
[FICSGamesDBGameNo "20002326"]
[White "JBBaby"]
[Black "Simke"]
[WhiteElo "1152"]
[BlackElo "1319"]
[WhiteRD "na"]
[BlackRD "na"]
[TimeControl "180+12"]
[Date "1999.10.05"]
[Time "16:20:00"]
[WhiteClock "0:03:00.000"]
[BlackClock "0:03:00.000"]
[ECO "C40"]
[PlyCount "50"]
[Result "0-1"]

1. e4 e5 2. Nf3 f5 3. exf5 d6 4. Qe2 Bxf5 5. d3 Nc6 6. Bg5 Be7 7. Nc3 Bxg5 8. Nd5 h6 9. h4 Be6 10. Nxg5 hxg5 11. Ne3 Qe7 12. g3 O-O-O 13. b3 Nd4 14. Qd1 gxh4 15. g4 Nf6 16. f3 Rdf8 17. c3 Nc6 18. Bh3 Nd5 19. Nxd5 Bxd5 20. Qe2 Bxf3 21. g5+ Kb8 22. Qe3 Bxh1 23. O-O-O Rf3 24. Qe2 Qxg5+ 25. Kb2 Rxh3 {White resigns} 0-1

[Event "FICS rated blitz game"]
[Site "FICS freechess.org"]
[FICSGamesDBGameNo "20002325"]
[White "duzzo"]
[Black "marck"]
[WhiteElo "1102"]
[BlackElo "1518"]
[WhiteRD "na"]
[BlackRD "na"]
[TimeControl "120+12"]
[Date "1999.10.05"]
[Time "16:17:00"]
[WhiteClock "0:02:00.000"]
[BlackClock "0:02:00.000"]
[ECO "C77"]
[PlyCount "63"]
[Result "0-1"]

1. e4 e5 2. Nf3 Nc6 3. Bb5 a6 4. Ba4 Nf6 5. d3 b5 6. Bb3 d6 7. Bg5 Na5 8. h3 Nxb3 9. axb3 Be7 10. b4 O-O 11. O-O h6 12. Bh4 Bb7 13. Nbd2 Rc8 14. b3 c5 15. c4 g5 16. Bg3 Nh5 17. Bh2 Nf4 18. Bxf4 exf4 19. Re1 Bf6 20. bxc5 dxc5 21. Rb1 Qxd3 22. e5 Be7 23. cxb5 axb5 24. Ra1 Ra8 25. Rxa8 Rxa8 26. e6 f6 27. Qc1 Bd5 28. b4 c4 29. Qd1 c3 30. Nb3 Qxd1 31. Rxd1 Bxb3 32. Rc1 {White resigns} 0-1

[Event "FICS rated blitz game"]
[Site "FICS freechess.org"]
[FICSGamesDBGameNo "20002324"]
[White "SeBoon"]
[Black "thatha"]
[WhiteElo "1573"]
[BlackElo "1541"]
[WhiteRD "na"]
[BlackRD "na"]
[TimeControl "300+0"]
[Date "1999.10.05"]
[Time "16:11:00"]
[WhiteClock "0:05:00.000"]
[BlackClock "0:05:00.000"]
[ECO "B06"]
[PlyCount "58"]
[Result "0-1"]

1. e4 g6 2. f4 d6 3. Nf3 Bg4 4. Bc4 Bxf3 5. Qxf3 Bg7 6. O-O Nf6 7. f5 O-O 8. fxg6 hxg6 9. d4 Nc6 10. c3 Qd7 11. Bf4 Qg4 12. Nd2 Qxf3 13. Rxf3 Nh5 14. Be3 e5 15. dxe5 Nxe5 16. Rh3 Rae8 17. Rf1 Nxc4 18. Nxc4 Rxe4 19. Nd2 Re6 20. g4 Nf6 21. Rf4 Nd5 22. Re4 Rfe8 23. Rxe6 Rxe6 24. Bxa7 b6 25. Nc4 Re8 26. Na3 Ra8 27. Nb5 c6 28. Bxb6 cxb5 29. a3 Nxb6 {White resigns} 0-1

[Event "FICS rated blitz game"]
[Site "FICS freechess.org"]
[FICSGamesDBGameNo "20002323"]
[White "enrimax"]
[Black "aquamarine"]
[WhiteElo "1394"]
[BlackElo "1420"]
[WhiteRD "na"]
[BlackRD "na"]
[TimeControl "480+9"]
[Date "1999.10.05"]
[Time "16:10:00"]
[WhiteClock "0:08:00.000"]
[BlackClock "0:08:00.000"]
[ECO "C07"]
[PlyCount "103"]
[Result "0-1"]

1. e4 e6 2. d4 d5 3. Nd2 c5 4. exd5 Qxd5 5. dxc5 Bxc5 6. c4 Qd4 7. Qf3 Nf6 8. Nb3 Qe5+ 9. Be2 Bb4+ 10. Bd2 Bxd2+ 11. Nxd2 Qxb2 12. Nb3 Qe5 13. Nh3 Nc6 14. O-O O-O 15. Nf4 Nd4 16. Nxd4 Qxd4 17. Rfd1 Qc5 18. Nd3 Qc7 19. c5 Bd7 20. Nb4 a5 21. Nd3 Bc6 22. Qh3 Rfd8 23. Bf3 Rd4 24. Bxc6 bxc6 25. Qe3 Rad8 26. Nb2 Rxd1+ 27. Rxd1 Rxd1+ 28. Nxd1 Nd5 29. Qb3 g6 30. g3 Qe7 31. Qb8+ Kg7 32. Qe5+ f6 33. Qd6 Qxd6 34. cxd6 Nb6 35. Nc3 Kf7 36. Ne4 Nd7 37. f4 h6 38. Kf2 f5 39. Nd2 Nb6 40. Nb3 a4 41. Nc5 a3 42. h4 h5 43. Ke3 Nd5+ 44. Kd2 Nb4 45. Kc3 Nxa2+ 46. Kb3 Nc1+ 47. Kxa3 Ne2 48. Ka4 Nxg3 49. Ka5 Ne4 50. Nb7 Ke8 51. d7+ Kxd7 52. Kb6 {White resigns} 0-1

[Event "FICS rated blitz game"]
[Site "FICS freechess.org"]
[FICSGamesDBGameNo "20002322"]
[White "chiefy"]
[Black "Arved"]
[WhiteElo "1605"]
[BlackElo "1577"]
[WhiteRD "na"]
[BlackRD "na"]
[TimeControl "300+0"]
[Date "1999.10.05"]
[Time "16:03:00"]
[WhiteClock "0:05:00.000"]
[BlackClock "0:05:00.000"]
[ECO "D03"]
[PlyCount "136"]
[Result "0-1"]

1. d4 Nf6 2. Nf3 d5 3. Bg5 h6 4. Bh4 g5 5. Bg3 Bg7 6. Nbd2 O-O 7. e3 Ne4 8. Nxe4 dxe4 9. Nd2 Bf5 10. c4 c6 11. Qc2 Kh8 12. Nxe4 Nd7 13. Bd3 Bxe4 14. Bxe4 Nf6 15. Bd3 Qa5+ 16. Qc3 Qxc3+ 17. bxc3 Nh5 18. Rb1 Nxg3 19. hxg3 b6 20. Kd2 Rfd8 21. f4 gxf4 22. gxf4 c5 23. g4 Kg8 24. g5 hxg5 25. fxg5 f6 26. gxf6 Bxf6 27. Rbg1+ Kf7 28. Rh7+ Ke6 29. d5+ Kd6 30. e4 Rg8 31. Rhh1 Rxg1 32. Rxg1 Rh8 33. Rg2 Rh1 34. Kc2 Ra1 35. Kb2 Rd1 36. Bc2 Re1 37. Kb3 Re3 38. Ka4 Rxc3 39. Bb3 Kc7 40. Kb5 Kb7 41. Rg8 Re3 42. Rd8 Rxe4 43. Rd7+ Kb8 44. Ka6 e5 45. Kb5 Rh4 46. Kc6 e4 47. Rf7 Bd8 48. Rb7+ Kc8 49. Rxa7 Kb8 50. Rd7 Bf6 51. Kxb6 Kc8 52. Ra7 e3 53. Kc6 Kd8 54. Bd1 Rh1 55. Be2 Re1 56. Bh5 e2 57. Rd7+ Kc8 58. Rf7 Bd8 59. Kxc5 Rf1 60. Rg7 e1=Q 61. Bg4+ Kb8 62. a4 Qe3+ 63. Kb5 Rb1+ 64. Kc6 Qb6+ 65. Kd7 Qc7+ 66. Ke8 Qxg7 67. Kxd8 Rb7 68. Ke8 Qe7# {White checkmated} 0-1

[Event "FICS rated lightning game"]
[Site "FICS freechess.org"]
[FICSGamesDBGameNo "20002321"]
[White "twins"]
[Black "maxitch"]
[WhiteElo "1321"]
[BlackElo "1467"]
[WhiteRD "na"]
[BlackRD "na"]
[TimeControl "60+0"]
[Date "1999.10.05"]
[Time "14:58:00"]
[WhiteClock "0:01:00.000"]
[BlackClock "0:01:00.000"]
[ECO "B02"]
[PlyCount "40"]
[Result "0-1"]

1. e4 Nf6 2. d3 d5 3. exd5 Nxd5 4. Nf3 Bg4 5. Be2 e6 6. O-O Nc6 7. h3 Bh5 8. b3 Be7 9. Bb2 O-O 10. Qd2 Bf6 11. Bxf6 Qxf6 12. c3 b5 13. Na3 Nxc3 14. Rac1 b4 15. g4 Nxe2+ 16. Qxe2 Bg6 17. Rxc6 a5 18. Nb5 h5 19. Nxc7 hxg4 20. Nxa8 gxf3 {White forfeits on time} 0-1

[Event "FICS rated blitz game"]
[Site "FICS freechess.org"]
[FICSGamesDBGameNo "20002320"]
[White "aanders"]
[Black "haka"]
[WhiteElo "1622"]
[BlackElo "1569"]
[WhiteRD "na"]
[BlackRD "na"]
[TimeControl "120+12"]
[Date "1999.10.05"]
[Time "14:52:00"]
[WhiteClock "0:02:00.000"]
[BlackClock "0:02:00.000"]
[ECO "C77"]
[PlyCount "105"]
[Result "1-0"]

1. e4 e5 2. Nf3 Nc6 3. Bb5 a6 4. Ba4 Nf6 5. d4 b5 6. Bb3 Nxd4 7. Bxf7+ Kxf7 8. Nxe5+ Kg8 9. Qxd4 Bb7 10. Nd2 c5 11. Qd3 Qc7 12. Nef3 c4 13. Qe3 Re8 14. O-O Bc5 15. Qg5 Bxe4 16. Nxe4 Nxe4 17. Qd5+ Re6 18. Bg5 Qc6 19. Rad1 h6 20. Bh4 g5 21. Bg3 Nxg3 22. hxg3 Qxd5 23. Rxd5 d6 24. Rfd1 Kf7 25. Nd4 Bxd4 26. R5xd4 Ke7 27. g4 Rf8 28. f3 Rff6 29. Kf2 Re5 30. Re1 Rfe6 31. Rxe5 Rxe5 32. g3 Ke6 33. f4 Rc5 34. Re4+ Kf6 35. Ke3 b4 36. c3 a5 37. Kd4 b3 38. axb3 cxb3 39. c4 a4 40. Re8 Ra5 41. Rb8 Ke6 42. Kc3 d5 43. f5+ Ke5 44. Rb5 Rxb5 45. cxb5 d4+ 46. Kd3 a3 47. bxa3 b2 48. Kc2 Ke4 49. b6 Ke3 50. b7 d3+ 51. Kxb2 d2 52. b8=Q d1=Q 53. Qb3+ {Black resigns} 1-0

[Event "FICS rated blitz game"]
[Site "FICS freechess.org"]
[FICSGamesDBGameNo "20002318"]
[White "pesche"]
[Black "Kianto"]
[WhiteElo "1664"]
[BlackElo "1598"]
[WhiteRD "na"]
[BlackRD "na"]
[TimeControl "180+2"]
[Date "1999.10.05"]
[Time "11:02:00"]
[WhiteClock "0:03:00.000"]
[BlackClock "0:03:00.000"]
[ECO "A00"]
[PlyCount "28"]
[Result "0-1"]

1. c3 e5 2. d4 e4 3. Bf4 d5 4. e3 Nc6 5. c4 Be6 6. cxd5 Bxd5 7. Nc3 Nf6 8. Qa4 Bb4 9. Bb5 Bxc3+ 10. bxc3 a6 11. Be2 b5 12. Qc2 O-O 13. Nh3 h6 14. O-O Na5 {White forfeits on time} 0-1

[Event "FICS rated blitz game"]
[Site "FICS freechess.org"]
[FICSGamesDBGameNo "20002317"]
[White "EliasEx"]
[Black "Piraat"]
[WhiteElo "1558"]
[BlackElo "1583"]
[WhiteRD "na"]
[BlackRD "na"]
[TimeControl "240+0"]
[Date "1999.10.05"]
[Time "10:09:00"]
[WhiteClock "0:04:00.000"]
[BlackClock "0:04:00.000"]
[ECO "A00"]
[PlyCount "51"]
[Result "1-0"]

1. b4 e5 2. Bb2 Bxb4 3. Bxe5 Qg5 4. Bc3 Bxc3 5. Nxc3 Nf6 6. Nf3 Qg6 7. e3 d6 8. Bd3 Qxg2 9. Rg1 Qh3 10. Rg3 Qh5 11. Nb5 Na6 12. c4 Bg4 13. Be2 O-O 14. Qc2 Rfe8 15. O-O-O Ne4 16. Rdg1 Nxg3 17. Rxg3 Bxf3 18. Bxf3 Qxh2 19. Rg2 Qh1+ 20. Kb2 Qh3 21. Rg3 Qc8 22. Qc3 g6 23. Qf6 Re6 24. Qh4 c6 25. Nd4 Re7 26. Qxe7 {Black resigns} 1-0

[Event "FICS rated blitz game"]
[Site "FICS freechess.org"]
[FICSGamesDBGameNo "20002316"]
[White "Casbarof"]
[Black "Candel"]
[WhiteElo "1725"]
[BlackElo "1765"]
[WhiteRD "na"]
[BlackRD "na"]
[TimeControl "120+7"]
[Date "1999.10.05"]
[Time "09:21:00"]
[WhiteClock "0:02:00.000"]
[BlackClock "0:02:00.000"]
[ECO "A65"]
[PlyCount "125"]
[Result "1-0"]

1. d4 Nf6 2. c4 c5 3. d5 e6 4. Nc3 exd5 5. cxd5 d6 6. e4 Be7 7. Be2 O-O 8. Nf3 Bg4 9. Nd2 Qc8 10. f3 Bh5 11. O-O Re8 12. Nc4 a6 13. Nb6 Qd8 14. Nxa8 Nbd7 15. g4 Bg6 16. g5 Nxe4 17. fxe4 Bxg5 18. Nc7 Bxc1 19. Rxc1 Qxc7 20. Bf3 Ne5 21. Bg2 Qd7 22. Ne2 Qg4 23. Ng3 Qg5 24. Nf5 Rd8 25. Qe1 Nd3 26. Qg3 Qxg3 27. Nxg3 Nxc1 28. Rxc1 f6 29. Bh3 Bf7 30. a3 Kf8 31. b4 b6 32. Kf2 Rb8 33. Bf1 a5 34. Nf5 axb4 35. axb4 Rd8 36. bxc5 bxc5 37. Ra1 g6 38. Ne3 Rb8 39. Nc4 Rd8 40. Ra7 h5 41. Bh3 g5 42. Bf5 Be8 43. Rh7 Kg8 44. Rb7 h4 45. Be6+ Kf8 46. Rb6 Ke7 47. Rb7+ Kf8 48. h3 Bg6 49. Ke3 Be8 50. Bf5 Bf7 51. Rd7 Rxd7 52. Bxd7 Ke7 53. Bf5 Be8 54. Kd2 Bb5 55. Kc3 Ba4 56. Nb6 Be8 57. Nc8+ Kd8 58. Nxd6 Bh5 59. Kc4 g4 60. Bxg4 Bxg4 61. hxg4 h3 62. Nf5 h2 63. Ng3 {Black resigns} 1-0

[Event "FICS rated blitz game"]
[Site "FICS freechess.org"]
[FICSGamesDBGameNo "20002314"]
[White "Ieuan"]
[Black "Kckean"]
[WhiteElo "1416"]
[BlackElo "1288"]
[WhiteRD "na"]
[BlackRD "na"]
[TimeControl "300+2"]
[Date "1999.10.05"]
[Time "07:48:00"]
[WhiteClock "0:05:00.000"]
[BlackClock "0:05:00.000"]
[ECO "C88"]
[PlyCount "55"]
[Result "1-0"]

1. e4 e5 2. Nf3 Nc6 3. Bb5 a6 4. Ba4 Nf6 5. O-O Be7 6. Re1 b5 7. Bb3 O-O 8. a4 Bb7 9. c3 Na5 10. Bc2 c5 11. d3 Re8 12. Nxe5 d5 13. b4 cxb4 14. cxb4 Nc6 15. Nxc6 Bxc6 16. Bd2 dxe4 17. dxe4 Bd6 18. f3 bxa4 19. Bxa4 Bxa4 20. Rxa4 Nh5 21. Nc3 Qc7 22. g3 Re6 23. Nd5 Qb8 24. f4 Nf6 25. Nxf6+ Rxf6 26. e5 Bxe5 27. fxe5 Qb6+ 28. Be3 {Black resigns} 1-0

[Event "FICS rated blitz game"]
[Site "FICS freechess.org"]
[FICSGamesDBGameNo "20002313"]
[White "Biel"]
[Black "smok"]
[WhiteElo "1650"]
[BlackElo "1644"]
[WhiteRD "na"]
[BlackRD "na"]
[TimeControl "180+0"]
[Date "1999.10.05"]
[Time "07:29:00"]
[WhiteClock "0:03:00.000"]
[BlackClock "0:03:00.000"]
[ECO "A80"]
[PlyCount "69"]
[Result "1-0"]

1. d4 f5 2. e3 Nf6 3. Bd3 e6 4. Nf3 Be7 5. O-O O-O 6. c3 d5 7. Nbd2 Ne4 8. Ne5 Nd7 9. f3 Nxd2 10. Bxd2 Nxe5 11. dxe5 c5 12. f4 Bd7 13. Qe2 Be8 14. Rad1 g5 15. h3 Bg6 16. Bc1 h5 17. g4 hxg4 18. hxg4 Kg7 19. Kg2 c4 20. Bxc4 Qc7 21. Bd3 d4 22. exd4 Qc6+ 23. Qf3 Qxf3+ 24. Kxf3 fxg4+ 25. Kxg4 Bf5+ 26. Bxf5 exf5+ 27. Kf3 g4+ 28. Kg3 Rh8 29. Rh1 Kg6 30. d5 Bc5 31. b4 Bb6 32. c4 Rxh1 33. Rxh1 a5 34. c5 Bc7 35. d6 {Black forfeits on time} 1-0

[Event "FICS rated blitz game"]
[Site "FICS freechess.org"]
[FICSGamesDBGameNo "20002312"]
[White "Kianto"]
[Black "ROPIN"]
[WhiteElo "1676"]
[BlackElo "1542"]
[WhiteRD "na"]
[BlackRD "na"]
[TimeControl "300+3"]
[Date "1999.10.05"]
[Time "07:28:00"]
[WhiteClock "0:05:00.000"]
[BlackClock "0:05:00.000"]
[ECO "C41"]
[PlyCount "52"]
[Result "0-1"]

1. e4 e5 2. Nf3 d6 3. Bc4 Nd7 4. O-O Be7 5. c3 c6 6. d4 Ngf6 7. Re1 O-O 8. h3 b5 9. Bb3 a5 10. a4 Qc7 11. Nbd2 Bb7 12. Nf1 Rad8 13. Ng3 d5 14. dxe5 Nxe5 15. Nxe5 Qxe5 16. exd5 Qc7 17. axb5 Nxd5 18. bxc6 Bxc6 19. Qc2 Bc5 20. Bxd5 Bxd5 21. Be3 Bd6 22. Ne2 Ba8 23. Nd4 Bc5 24. Qa4 Bb6 25. Nb5 Qc6 26. Bxb6 Qxg2# {White checkmated} 0-1

[Event "FICS rated blitz game"]
[Site "FICS freechess.org"]
[FICSGamesDBGameNo "20002311"]
[White "leusden"]
[Black "Peter"]
[WhiteElo "1565"]
[BlackElo "1704"]
[WhiteRD "na"]
[BlackRD "na"]
[TimeControl "300+0"]
[Date "1999.10.05"]
[Time "06:25:00"]
[WhiteClock "0:05:00.000"]
[BlackClock "0:05:00.000"]
[ECO "A08"]
[PlyCount "31"]
[Result "1-0"]

1. Nf3 d5 2. g3 e6 3. Bg2 c5 4. O-O Nc6 5. d3 Nf6 6. Nbd2 Be7 7. e4 dxe4 8. dxe4 Qc7 9. c3 O-O 10. Qc2 e5 11. Rd1 Bg4 12. Nc4 Rad8 13. Bg5 Nd7 14. Bxe7 Nxe7 15. Ne3 b5 16. Nxg4 {Black resigns} 1-0

[Event "FICS rated blitz game"]
[Site "FICS freechess.org"]
[FICSGamesDBGameNo "20002310"]
[White "Ishamael"]
[Black "Urania"]
[WhiteElo "1983"]
[BlackElo "1973"]
[WhiteRD "na"]
[BlackRD "na"]
[TimeControl "180+1"]
[Date "1999.10.05"]
[Time "05:04:00"]
[WhiteClock "0:03:00.000"]
[BlackClock "0:03:00.000"]
[ECO "E91"]
[PlyCount "105"]
[Result "1-0"]

1. e4 c6 2. c4 d6 3. d4 Nf6 4. Nc3 g6 5. Nf3 Bg7 6. Be2 O-O 7. O-O Bg4 8. h3 Bxf3 9. Bxf3 Nbd7 10. Bg5 Qa5 11. Qd2 Rac8 12. b4 Qc7 13. Rac1 Rfe8 14. Rfe1 e5 15. dxe5 dxe5 16. Red1 Nf8 17. Qd6 Red8 18. Qxc7 Rxd1+ 19. Rxd1 Rxc7 20. Rd6 N6d7 21. Bg4 h5 22. Bxd7 Rxd7 23. c5 Rxd6 24. cxd6 f6 25. Be3 a6 26. Na4 Kf7 27. Nc5 Ne6 28. Nxb7 Ke8 29. Nc5 Nxc5 30. bxc5 Kd7 31. Kf1 f5 32. f3 fxe4 33. fxe4 Bf8 34. Ke2 Bg7 35. Kd3 Bf6 36. Kc4 Bh4 37. Bd2 Bf2 38. Bc3 Ke6 39. Kd3 Bxc5 40. d7 Be7 41. Kc4 Bf6 42. Kc5 Kxd7 43. Kb6 Kd6 44. Bb4+ Kd7 45. Kxa6 Be7 46. Bxe7 Kxe7 47. Kb6 Kd6 48. a4 g5 49. a5 c5 50. Kb5 Kc7 51. Kxc5 g4 52. hxg4 h4 53. Kd5 {Black resigns} 1-0

[Event "FICS rated blitz game"]
[Site "FICS freechess.org"]
[FICSGamesDBGameNo "20002309"]
[White "bradcj"]
[Black "Vermeer"]
[WhiteElo "1501"]
[BlackElo "1465"]
[WhiteRD "na"]
[BlackRD "na"]
[TimeControl "300+0"]
[Date "1999.10.05"]
[Time "02:51:00"]
[WhiteClock "0:05:00.000"]
[BlackClock "0:05:00.000"]
[ECO "B53"]
[PlyCount "101"]
[Result "1-0"]

1. e4 c5 2. Nf3 d6 3. d4 cxd4 4. Qxd4 Nc6 5. Bb5 Bd7 6. Bxc6 bxc6 7. c4 c5 8. Qd3 Nf6 9. Nc3 e6 10. Bg5 Be7 11. Rd1 Bc6 12. O-O O-O 13. Rfe1 h6 14. Bxf6 Bxf6 15. Qxd6 Qxd6 16. Rxd6 Rac8 17. e5 Be7 18. Rd2 Bxf3 19. gxf3 Rfd8 20. Red1 Rd4 21. b3 Rcd8 22. Rxd4 cxd4 23. Nb5 d3 24. Nxa7 Bg5 25. Nb5 d2 26. Nd6 Ra8 27. a4 Rb8 28. Ne4 Rxb3 29. Nxg5 hxg5 30. Rxd2 Rb4 31. Ra2 Rxc4 32. a5 Rc6 33. a6 Rc8 34. a7 Ra8 35. Kf1 Kh7 36. Ke2 Kg6 37. Ke3 Kf5 38. Kd4 Kf4 39. Ra3 g6 40. h3 Kf5 41. Kc5 Kxe5 42. Kc6 Kf4 43. Kb7 Rxa7+ 44. Kxa7 e5 45. Kb6 f5 46. Kc5 e4 47. fxe4 fxe4 48. Kd4 Kf5 49. Ke3 g4 50. Ra5+ Kf6 51. hxg4 {Black resigns} 1-0

[Event "FICS rated blitz game"]
[Site "FICS freechess.org"]
[FICSGamesDBGameNo "20002307"]
[White "sannu"]
[Black "TallSteve"]
[WhiteElo "1418"]
[BlackElo "1350"]
[WhiteRD "na"]
[BlackRD "na"]
[TimeControl "300+2"]
[Date "1999.10.05"]
[Time "00:02:00"]
[WhiteClock "0:05:00.000"]
[BlackClock "0:05:00.000"]
[ECO "B07"]
[PlyCount "119"]
[Result "1-0"]

1. e4 d6 2. d4 h6 3. f4 c6 4. c4 Nf6 5. Nc3 g6 6. Bd3 Bg7 7. Be3 Bg4 8. Nge2 h5 9. Qd2 d5 10. e5 Nfd7 11. cxd5 cxd5 12. Nxd5 e6 13. Ndc3 Nb6 14. h3 Bxe2 15. Bxe2 Nd5 16. Nxd5 Qxd5 17. Bf3 Qb5 18. Be2 Qd7 19. O-O Nc6 20. Bb5 O-O 21. Rfc1 Rac8 22. Rc3 a6 23. Bxc6 Rxc6 24. Rac1 Rxc3 25. Rxc3 Rc8 26. b3 Rxc3 27. Qxc3 b5 28. a3 Bf8 29. Bc1 Kg7 30. g4 hxg4 31. hxg4 Kh6 32. f5+ g5 33. Qe3 Be7 34. f6 Bxf6 35. exf6 Kh7 36. Bd2 Qd5 37. Bb4 Kg6 38. Bf8 Kxf6 39. Qf2+ Kg6 40. Be7 f5 41. gxf5+ exf5 42. Qe3 f4 43. Qe5 Qf7 44. Qxg5+ Kh7 45. Qh4+ Kg8 46. Bf6 Qg6+ 47. Qg5 Qxg5+ 48. Bxg5 f3 49. Kf2 Kf7 50. Kxf3 Ke6 51. Ke4 Kd6 52. Bf4+ Kc6 53. d5+ Kd7 54. Ke5 a5 55. d6 Kd8 56. Kf6 a4 57. bxa4 bxa4 58. Ke6 Ke8 59. d7+ Kd8 60. Bg5+ {Black resigns} 1-0

[Event "FICS rated blitz game"]
[Site "FICS freechess.org"]
[FICSGamesDBGameNo "20002306"]
[White "ThinKing"]
[Black "Checkout"]
[WhiteElo "1360"]
[BlackElo "1496"]
[WhiteRD "na"]
[BlackRD "na"]
[TimeControl "360+12"]
[Date "1999.10.04"]
[Time "22:24:00"]
[WhiteClock "0:06:00.000"]
[BlackClock "0:06:00.000"]
[ECO "A07"]
[PlyCount "43"]
[Result "0-1"]

1. Nf3 e6 2. g3 d5 3. Bg2 Nf6 4. d3 c5 5. O-O Nc6 6. c4 Be7 7. cxd5 exd5 8. a3 O-O 9. Bd2 Bg4 10. h3 Bh5 11. e3 Re8 12. Qe1 Bg6 13. Qe2 Bd6 14. Nc3 Qc7 15. Kh2 a6 16. Rac1 d4 17. Nd1 Nh5 18. e4 Bxg3+ 19. fxg3 Nxg3 20. Qf2 Nxf1+ 21. Kg1 Nxd2 22. Qxd2 {White resigns} 0-1

[Event "FICS rated blitz game"]
[Site "FICS freechess.org"]
[FICSGamesDBGameNo "20002305"]
[White "ihusain"]
[Black "Quester"]
[WhiteElo "1597"]
[BlackElo "1469"]
[WhiteRD "na"]
[BlackRD "na"]
[TimeControl "240+2"]
[Date "1999.10.04"]
[Time "21:10:00"]
[WhiteClock "0:04:00.000"]
[BlackClock "0:04:00.000"]
[ECO "A07"]
[PlyCount "71"]
[Result "1-0"]

1. Nf3 c6 2. g3 d5 3. Bg2 Nf6 4. O-O Bg4 5. d3 Nbd7 6. h3 Bh5 7. c4 e6 8. Nc3 Nb6 9. b3 Bxf3 10. Bxf3 d4 11. Ne4 Nbd7 12. e3 Nxe4 13. Bxe4 Nf6 14. Bg2 Bc5 15. e4 e5 16. a3 a5 17. f4 exf4 18. gxf4 O-O 19. Bd2 Qe7 20. Qc1 a4 21. b4 Bd6 22. e5 Bxe5 23. fxe5 Qxe5 24. Bf4 Qf5 25. Qd2 Rfe8 26. b5 cxb5 27. Bxb7 Ra7 28. Bc6 Re6 29. cxb5 Rae7 30. Bg2 Qg6 31. Rf2 Nd5 32. Bh2 Ne3 33. Rc1 h6 34. Rc6 Nxg2 35. Rxe6 Nf4+ 36. Rxg6 {Black resigns} 1-0